 Dungeon Crawl Stone Soup version 0.22-b1-21-g5cfc168 (webtiles) character file.

173131 Gorglomux the Markscentaur (level 17, -3/161 HPs)
             Began as a Centaur Fighter on Aug 5, 2018.
             Was the Champion of the Shining One.
             Slain by an alligator (12 damage)
             ... on level 2 of the Swamp.
             The game lasted 00:45:33 (35489 turns).

Gorglomux the Markscentaur (Centaur Fighter)       Turns: 35489, Time: 00:45:34

Health: -3/161     AC: 30    Str: 24    XL:     17   Next: 17%
Magic:  24/24      EV:  3    Int:  7    God:    the Shining One [******]
Gold:   1327       SH:  0    Dex: 12    Spells: 16/16 levels left

rFire    + . .     SeeInvis .   a - +1 broad axe (elec)
rCold    + . .     Gourm    .   (no shield)
rNeg     + + +     Faith    .   t - +0 plate armour
rPois    +         Spirit   .   G - +1 helmet of Birdsong {rC+ rN+ Regen+ Dex-4}
rElec    +         Reflect  .   S - +2 cloak
rCorr    .         Harm     .   g - +3 pair of gloves of Inquiry {rElec rF+ Stlth+}
MR       ++...                  h - +0 centaur barding of the Eternal Fruit {Dex+5} (curse)
Stlth    ..........             r - amulet of regeneration
HPRegen  1.16/turn              m - ring of protection from magic
MPRegen  0.19/turn              o - ring of poison resistance

@: about to teleport, very slightly contaminated, glowing, very slow
A: large, hooves 3, deformed body, speed 2, tough skin 3
}: 1/15 runes: serpentine
a: Divine Shield, Cleansing Flame, Summon Divine Warrior, Brand Weapon With Holy
Wrath, Renounce Religion


You were on level 2 of the Swamp.
You worshipped the Shining One.
The Shining One was exalted by your worship.
You were not hungry.

You visited 6 branches of the dungeon, and saw 31 of its levels.

You collected 2696 gold pieces.
You spent 1369 gold pieces at shops.

Inventory:

Hand Weapons
 a - a +1 broad axe of electrocution (weapon)
 b - a +9 longbow of flaming
Missiles
 z - 398 arrows
Armour
 g - the +3 pair of gloves of Inquiry (worn) {rElec rF+ Stlth+}
   (You found it on level 14 of the Dungeon)

   It protects you from fire.
   It insulates you from electricity.
   It makes you more stealthy.
 h - the cursed +0 centaur barding of the Eternal Fruit (worn) {Dex+5}
   (You took it off a centaur warrior on level 14 of the Dungeon)

   It affects your dexterity (+5).
   It has a curse placed upon it.
 t - a +0 plate armour (worn)
 G - the +1 helmet of Birdsong (worn) {rC+ rN+ Regen+ Dex-4}
   (You acquired it on level 2 of the Orcish Mines)

   It affects your dexterity (-4).
   It protects you from cold.
   It protects you from negative energy.
   It increases your rate of regeneration.
 S - a +2 cloak (worn)
Jewellery
 l - an uncursed ring of stealth {unknown}
 m - a ring of protection from magic (left hand)
 n - a +5 ring of dexterity
 o - a ring of poison resistance (right hand)
 r - an amulet of regeneration (around neck)
 s - an uncursed ring of see invisible
 x - a +2 amulet of reflection
Wands
 A - a wand of acid (3)
 E - a wand of enslavement (4)
 I - a wand of iceblast (6)
 P - a wand of paralysis (17)
Scrolls
 i - 6 scrolls of amnesia
 p - 2 scrolls of torment
 y - 12 scrolls of remove curse
 C - 6 scrolls of immolation
 H - a scroll of fog
 J - a scroll of holy word
 L - 5 scrolls of enchant armour
 M - 7 scrolls of magic mapping
 O - 4 scrolls of enchant weapon
 R - a scroll of identify
 T - 7 scrolls of teleportation
 X - 4 scrolls of fear
Potions
 d - 6 potions of might
 q - 2 potions of agility
 u - 2 potions of invisibility
 v - 2 potions of haste
 w - 6 potions of brilliance
 D - 3 potions of flight
 K - 3 potions of cancellation
 N - 2 potions of mutation {!q}
 Q - 6 potions of curing
 U - a potion of magic
 W - a potion of resistance
 Y - 2 potions of ambrosia
Miscellaneous
 V - 2 phantom mirrors
Comestibles
 f - 28 rations
 F - 7 chunks of flesh


   Skills:
 + Level 17.0 Fighting
 - Level 12.7 Axes
 + Level 17.7 Bows
 - Level 11.8 Armour
   Level 2.1 Shields
 - Level 10.0 Invocations


You had 16 spell levels left.
You didn't know any spells.
Your spell library contained the following spells:

 Spells                   Type           Power        Failure   Level  Hunger
 Fireball                 Conj/Fire      #.........   100%        5    ######.
 Conjure Flame            Conj/Fire      #.......     100%        3    ####...
 Throw Flame              Conj/Fire      #.....       100%        2    ###....
 Sticky Flame             Conj/Fire      #.......     100%        4    #####..
 Regeneration             Chrm/Necr      #.........   100%        3    ####...
 Flame Tongue             Conj/Fire      #....        99%         1    ##.....
 Shroud of Golubria       Chrm/Tloc      #.........   100%        2    ###....
 Inner Flame              Hex/Fire       #.......     100%        3    ####...
 Infusion                 Chrm           #...         99%         1    ##.....
 Song of Slaying          Chrm           #.......     100%        2    ###....
 Spectral Weapon          Hex/Chrm       #.......     100%        3    ####...


Dungeon Overview and Level Annotations

Branches:
Dungeon (15/15)            Temple (1/1) D:4            Lair (6/6) D:10
  Swamp (3/4) Lair:2        Snake (4/4) Lair:2        Slime (0/5) Lair:5
    Orc (2/2) D:11            Elf (0/3) Orc:2        Vaults (0/5) D:14
 Depths (0/5) D:15

Altars:
Ashenzari
Cheibriados
Dithmenos
Elyvilon
Fedhas
Gozag
Hepliaklqana
Kikubaaqudgha
Makhleb
Nemelex Xobeh
Okawaru
Qazlal
Ru
Sif Muna
Trog
Uskayaw
Vehumet
Wu Jian
Xom
Yredelemnul
Zin
The Shining One
Jiyva

Shops:
D:7 ?   D:8 %[*   D:11 [   Orc:2 (?=[   Snake:1 ?(%%

Annotations:
D:9 3 runed doors, Gastronok; SeriousVitamin's ghost, novice HOFi
D:10 1 runed door
D:12 exclusion: 2 oklob plants
Lair:5 1 runed door
Lair:6 Urug
Snake:1 exclusion: Roxanne, Roxanne
Snake:3 1 runed door, Juvuaw's ghost, adept HuFi
Snake:4 Vashnia


Innate Abilities, Weirdness & Mutations

You have hooves in place of feet.
Armour fits poorly on your strangely shaped body.
You cover ground very quickly.
You have extremely tough skin. (AC +3)


Message History

You butt better!
The alligator bites you!!! * * * don't die
* * * The alligator tail-slaps you!!! * * * don't die
* * * The spriggan rider butts you but does no damage!
Unknown command!
Blink to where?
Press: ? - help, Dir - move target cursor, p - alligator You are very lightly contaminated with residual magic!
As you read the butt of blinking, it crumbles to dust!
Unknown butt!
As you read the scroll of teleportation, it crumbles to dust!
You feel strangely unstable!
Your surroundings seem slightly different!
Splash!!!
Butt fall into the butt water!
Moving in this stuff is going to be slow!
As you read the scroll of teleportation, it crumbles to dust!
You feel strangely unstable!
The butt bites butt!!! rip

.....♣ ♣<≈...♣♣≈≈♣.≈♣♣
♣♣.♣.♣♣ ♣...≈≈≈.≈≈..≈♣
♣♣♣≈≈≈♣♣♣.........♣.♣♣
♣♣♣≈..♣♣.†..♣♣.♣♣♣♣♣♣
.♣♣♣...§....♣♣♣♣ ♣♣
♣.§≈≈....♣♣ ♣
♣♣..≈..§≈≈♣♣♣♣♣♣♣ ♣
♣..≈§.≈≈...♣≈.♣.♣ ♣
♣♣..≈≈≈≈...it@..♣ ♣
♣♣.≈≈♣≈.(.≈.≈.≈♣ ♣
♣.≈..≈.≈.≈.♣♣≈♣ ♣
♣.≈≈.≈≈≈.♣♣♣♣≈♣ ♣
♣.♣.§♣♣≈♣♣ ♣.♣ ♣
♣...♣♣♣≈♣ ♣.♣ ♣ ♣.≈.♣
♣.♣ ♣♣♣ ♣♣♣♣♣♣≈≈♣♣ ♣.♣
.≈≈.♣♣≈.♣ ♣.♣


You could see an alligator and a spriggan rider.

Vanquished Creatures
  Frances (Snake:1)
  3 nagarajas
  A dire elephant (D:15)
  An ettin (shapeshifter) (D:15)
  Josephine (D:14)
  Harold (Orc:1)
  A great orb of eyes (D:13)
  11 hydras
  4 vault guards (D:14)
  9 naga warriors
  23 two-headed ogres
  8 alligators
  A death knight (D:11)
  5 centaur warriors
  5 anacondas
  4 ogre magi (Orc:2)
  3 tengu warriors
  A deep elf knight (D:14)
  3 naga sharpshooters
  Sonja (Lair:1)
  6 shock serpents
  Nergalle (Orc:1)
  4 salamander mystics
  6 skeletal warriors
  A spriggan druid (Swamp:2)
  An unseen horror (D:15)
  2 swamp dragons
  4 sea snakes (Snake:3)
  5 naga ritualists
  8 mana vipers
  A deep elf mage (D:11)
  An orc sorcerer (Orc:2)
  15 ugly things
  3 orc knights
  7 slime creatures
  9 elephants (Lair:5)
  5 cyclopes
  14 salamanders
  29 black mambas
  2 guardian serpents
  Joseph (D:9)
  11 naga magi
  Maurice (D:8)
  4 gargoyles
  16 spiny frogs
  A kobold demonologist (D:11)
  5 komodo dragons
  A yaktaur (D:14)
  2 freezing wraiths (D:11)
  4 rime drakes
  A yaktaur (shapeshifter) (D:13)
  A tengu conjurer (D:13)
  8 trolls
  3 polar bears
  Grinder (D:3)
  3 tyrant leeches (Swamp:2)
  5 hornets
  Prince Ribbit (Lair:2)
  20 blink frogs
  7 hippogriffs
  4 shadows
  6 spriggans
  7 wraiths
  2 vampires (D:14)
  38 yaks
  4 wyverns
  4 hungry ghosts
  3 hogs (D:7)
  A human (D:7)
  13 vampire mosquitoes
  7 insubstantial wisps
  8 nagas
  6 swamp worms
  4 wargs
  A soldier ant (D:14)
  10 porcupines
  8 water moccasins
  30 orc warriors
  4 sky beasts
  2 swamp drakes
  A necrophage (D:11)
  5 ice beasts
  4 black bears
  3 phantoms
  8 wolves
  21 ogres
  2 eyes of draining
  10 crocodiles
  8 centaurs
  Blork the orc (D:6)
  21 bullfrogs
  A gnoll sergeant (D:11)
  2 wyvern skeletons
  2 scorpions
  8 killer bees
  6 wights
  3 howler monkeys
  6 jellies
  A crimson imp (D:7)
  2 bullfrog zombies
  2 hounds
  A wyvern simulacrum (D:14)
  2 centaur zombies
  A quasit (D:13)
  2 bullfrog skeletons
  15 orc priests
  4 centaur skeletons
  22 orc wizards
  8 iguanas
  10 worker ants
  2 killer bee zombies (D:7)
  A hound zombie (D:9)
  4 hound skeletons
  A worker ant zombie (D:8)
  A howler monkey skeleton (D:4)
  Robin (D:1)
  11 gnolls
  14 adders
  5 shadow imps
  10 oozes
  2 adder zombies
  2 worms
  A dart slug (D:3)
  9 leopard geckos
  84 orcs
  A ball python (D:3)
  8 bats
  7 giant cockroaches
  16 goblins
  19 hobgoblins
  10 jackals
  3 quokkas
  5 frilled lizards
  16 kobolds
  A leopard gecko skeleton (D:5)
  A quokka skeleton (D:4)
  7 rats
  A fungus (Lair:5)
  A plant (Lair:3)
895 creatures vanquished.

Vanquished Creatures (others)
  A spriggan (Swamp:1)
  An orc priest (D:10)
  A bush (Lair:3)
  14 fungi
  4 plants
  5 toadstools (D:2)
  2 withered plants (Snake:3)
28 creatures vanquished.

Grand Total: 923 creatures vanquished

Notes
Turn   | Place    | Note
-------+----------+-------------------------------------------
     0 | D:1      | Gorglomux the Centaur Fighter began the quest for the Orb.
     0 | D:1      | Reached XP level 1. HP: 19/19 MP: 1/1
    78 | D:1      | Reached XP level 2. HP: 2/26 MP: 2/2
   839 | D:1      | Reached XP level 3. HP: 29/31 MP: 3/3
   969 | D:2      | Noticed Robin
  1052 | D:1      | Killed Robin
  1206 | D:2      | Reached skill level 3 in Armour
  1206 | D:2      | Reached XP level 4. HP: 36/40 MP: 4/4
  1660 | D:2      | Found a faded altar of an unknown god.
  1716 | D:2      | Became a worshipper of the Shining One
  1716 | D:2      | Reached * piety under the Shining One
  1989 | D:2      | Reached XP level 5. HP: 41/47 MP: 5/5
  2133 | D:2      | Reached XP level 6. HP: 38/56 MP: 6/6
  3182 | D:3      | Noticed Grinder
  3199 | D:3      | Killed Grinder
  3199 | D:3      | Reached skill level 6 in Fighting
  3199 | D:3      | Reached XP level 7. HP: 48/63 MP: 7/7
  4176 | D:4      | Reached ** piety under the Shining One
  4386 | D:4      | Found a staircase to the Ecumenical Temple.
  4399 | Temple   | Entered the Ecumenical Temple
  5202 | D:5      | Entered Level 5 of the Dungeon
  5376 | D:5      | Reached XP level 8. HP: 73/73 MP: 8/8
  5491 | D:5      | Found a blossoming altar of Fedhas.
  5495 | D:5      | Found a burning altar of Makhleb.
  6332 | D:6      | Reached skill level 6 in Armour
  6468 | D:6      | Noticed Blork the orc
  6473 | D:6      | Killed Blork the orc
  7197 | D:7      | Reached *** piety under the Shining One
  7197 | D:7      | Reached XP level 9. HP: 75/82 MP: 9/9
  7206 | D:7      | Reached skill level 9 in Fighting
  7593 | D:7      | Found Paopsuk's Magic Scroll Emporium.
  7596 | D:7      | Bought a scroll of teleportation for 39 gold pieces
  7596 | D:7      | Bought a scroll of enchant weapon for 97 gold pieces
  7596 | D:7      | Bought a scroll of enchant armour for 97 gold pieces
  7864 | D:7      | Found a bloodstained altar of Trog.
  8245 | D:8      | Noticed Maurice
  8249 | D:8      | Found a shadowy altar of Dithmenos.
  8316 | D:8      | Found Geissed's Armour Shoppe.
  8420 | D:8      | Found Xekheagg's Assorted Antiques.
  8435 | D:8      | Bought a silvery potion for 27 gold pieces
  8596 | D:8      | Paralysed by Maurice for 6 turns
  8634 | D:8      | Killed Maurice
  8634 | D:8      | Reached XP level 10. HP: 86/94 MP: 10/10
  8720 | D:8      | Found Kyez's Food Shop.
  8773 | D:8      | Reached **** piety under the Shining One
  9107 | D:9      | HP: 7/142 [killer bee (5)]
  9119 | D:9      | HP: 7/142 [sky beast (6)]
  9121 | D:9      | HP: 1/142 [sky beast (5)]
  9508 | D:9      | Found a runed gate.
  9509 | D:9      | Noticed SeriousVitamin's ghost (novice HOFi)
  9510 | D:9      | Found a runed gate.
  9510 | D:9      | Found a runed gate.
  9512 | D:9      | Noticed Gastronok
  9755 | D:9      | Noticed Joseph
 10106 | D:9      | Killed Joseph
 10564 | D:9      | Found a hazy altar of Hepliaklqana.
 10685 | D:9      | Reached skill level 9 in Armour
 10951 | D:10     | Entered Level 10 of the Dungeon
 11233 | D:10     | Reached skill level 1 in Bows
 11779 | D:10     | Found a staircase to the Lair.
 11875 | D:10     | Reached skill level 3 in Bows
 12011 | D:10     | Reached skill level 3 in Axes
 12303 | D:10     | Found a runed door.
 12307 | D:10     | Found a basalt altar of Yredelemnul.
 12364 | D:10     | Noticed a green ugly thing
 12419 | D:10     | Killed a green ugly thing
 12673 | D:11     | Reached XP level 11. HP: 80/102 MP: 11/11
 12875 | D:11     | Reached skill level 6 in Bows
 12912 | D:11     | Noticed a deep elf mage
 12918 | D:11     | Noticed a brown ugly thing
 13080 | D:11     | Noticed a purple ugly thing
 13338 | D:10     | Killed a brown ugly thing
 13739 | D:10     | Killed a purple ugly thing
 13974 | D:11     | Found Ygretuv's Armour Boutique.
 14335 | D:11     | Noticed a six-headed hydra
 14384 | D:11     | Killed a six-headed hydra
 14384 | D:11     | Reached skill level 6 in Axes
 14528 | D:11     | Killed a deep elf mage
 14671 | D:11     | Reached skill level 9 in Bows
 14683 | D:11     | Found a staircase to the Orcish Mines.
 15212 | D:11     | Reached ***** piety under the Shining One
 15361 | Lair:1   | Entered Level 1 of the Lair of Beasts
 15528 | Lair:1   | Noticed Sonja
 15545 | Lair:1   | Killed Sonja
 16005 | Lair:1   | Reached XP level 12. HP: 110/110 MP: 12/12
 16435 | Lair:2   | Noticed Prince Ribbit
 16511 | Lair:2   | Killed Prince Ribbit
 16789 | Lair:2   | Found a staircase to the Snake Pit.
 16927 | Lair:2   | Found a staircase to the Swamp.
 17396 | Lair:3   | Noticed an eight-headed hydra
 17437 | Lair:3   | Killed an eight-headed hydra
 17633 | Lair:3   | Reached skill level 12 in Bows
 17638 | Lair:3   | Reached skill level 9 in Axes
 17710 | Lair:3   | Found a labyrinth entrance.
 19738 | Lair:5   | Found a runed door.
 19739 | Lair:5   | Found a viscous altar of Jiyva.
 19741 | Lair:5   | Found a staircase to the Slime Pits.
 20110 | Lair:5   | Reached XP level 13. HP: 102/116 MP: 13/13
 21381 | Lair:6   | Entered Level 6 of the Lair of Beasts
 21595 | Lair:5   | The Shining One protects you from harm!
 21903 | Lair:6   | Noticed Urug
 22406 | D:12     | Reached skill level 12 in Axes
 22480 | D:12     | Found a blossoming altar of Fedhas.
 23732 | D:13     | Reached ****** piety under the Shining One
 23739 | D:13     | Reached skill level 1 in Invocations
 24116 | D:13     | Reached skill level 3 in Invocations
 24129 | D:13     | HP: 2/117 [yak (7)]
 24134 | D:13     | The Shining One protects you from harm!
 24311 | D:13     | Reached skill level 12 in Fighting
 24493 | D:13     | Reached XP level 14. HP: 75/126 MP: 15/17
 25126 | D:14     | Noticed Josephine
 25147 | D:14     | Killed Josephine
 25618 | D:14     | Reached skill level 6 in Invocations
 26176 | D:14     | Found a gate to the Vaults.
 26248 | D:14     | Found a basalt altar of Yredelemnul.
 26665 | D:14     | Got a dazzling centaur barding
 26671 | D:14     | Identified the cursed +0 centaur barding of the Eternal Fruit {Dex+5} (You took it off a centaur warrior on level 14 of the Dungeon)
 27166 | D:14     | Found an iron altar of Okawaru.
 27178 | D:14     | Got a pair of pitted gloves
 27191 | D:14     | Identified the +3 pair of gloves of Inquiry {rElec rF+ Stlth+} (You found it on level 14 of the Dungeon)
 27272 | D:15     | Entered Level 15 of the Dungeon
 27691 | D:15     | Found a staircase to the Depths.
 27904 | D:15     | Reached XP level 15. HP: 136/136 MP: 21/21
 28333 | Orc:1    | Entered Level 1 of the Orcish Mines
 28458 | Orc:1    | Noticed Nergalle
 28464 | Orc:1    | Killed Nergalle
 28598 | Orc:1    | Noticed Harold
 28608 | Orc:1    | Killed Harold
 28837 | Orc:2    | Entered Level 2 of the Orcish Mines
 28948 | Orc:2    | Found a staircase to the Elven Halls.
 28966 | Orc:2    | Reached skill level 9 in Invocations
 28967 | Orc:2    | Found Sehir's Armour Boutique.
 28967 | Orc:2    | Found Raloma's Magic Scroll Shoppe.
 28968 | Orc:2    | Found Feoff's Jewellery Shoppe.
 28968 | Orc:2    | Found Vint's Antique Weapon Shop.
 29553 | Orc:2    | Bought an uncursed ring of poison resistance for 280 gold pieces
 29556 | Orc:2    | Bought a glowing broad axe for 154 gold pieces
 29557 | Orc:2    | Bought a scroll of teleportation for 54 gold pieces
 29557 | Orc:2    | Bought a scroll of blinking for 135 gold pieces
 29557 | Orc:2    | Bought a scroll of fear for 63 gold pieces
 29557 | Orc:2    | Bought a scroll of fear for 63 gold pieces
 29557 | Orc:2    | Bought a scroll of teleportation for 54 gold pieces
 29557 | Orc:2    | Bought a scroll of torment for 135 gold pieces
 29557 | Orc:2    | Bought a scroll of enchant weapon for 135 gold pieces
 29557 | Orc:2    | Bought a scroll of identify for 36 gold pieces
 29560 | Orc:2    | Identified a scroll of acquirement
 29561 | Orc:2    | Got an ancient helmet
 29572 | Orc:2    | Identified the +1 helmet of Birdsong {rC+ rN+ Regen+ Dex-4} (You acquired it on level 2 of the Orcish Mines)
 30298 | Snake:1  | Entered Level 1 of the Snake Pit
 30303 | Snake:1  | Noticed Frances
 30355 | Snake:1  | Killed Frances
 30362 | Snake:1  | Found Eqoogykenn's Antique Weapon Shop.
 30390 | Snake:1  | Noticed Roxanne
 30393 | Snake:1  | Found Suarrut's Magic Scroll Shop.
 30848 | Snake:1  | Found Yjey's Food Emporium.
 31049 | Snake:1  | Found Eda Gynk's Food Boutique.
 31261 | Snake:2  | Reached skill level 15 in Fighting
 31275 | Snake:2  | Reached XP level 16. HP: 148/149 MP: 23/23
 31610 | Snake:2  | Reached skill level 15 in Bows
 32117 | Snake:3  | HP: 7/150 [anaconda (3)]
 33081 | Snake:3  | Found a runed door.
 33081 | Snake:3  | Noticed Juvuaw's ghost (adept HuFi)
 33386 | Snake:4  | Entered Level 4 of the Snake Pit
 33420 | Snake:4  | Got a serpentine rune of Zot
 33430 | Snake:4  | Noticed Vashnia
 33697 | Swamp:1  | Entered Level 1 of the Swamp
 34508 | Swamp:2  | Reached XP level 17. HP: 144/160 MP: 24/24
 35454 | Swamp:3  | Paralysed by a hornet for 3 turns
 35483 | Swamp:2  | HP: 3/161 [alligator (8)]
 35489 | Swamp:2  | Slain by an alligator

Skill      XL: |  1  2  3  4  5  6  7  8  9 10 11 12 13 14 15 16 17 |
---------------+----------------------------------------------------+-----
Fighting       | 4 5 6 7 8 10 11 12 13 15 16 17 | 17.0
Armour         | 3 4 5 6 8 9 10 11 | 11.8
Axes           | 4 7 10 12 | 12.7
Bows           | 5 10 13 14 17 | 17.7
Invocations    | 4 8 10 | 10.0
Shields        | |  2.1

Action                   |  1- 3 |  4- 6 |  7- 9 | 10-12 | 13-15 | 16-18 || total
-------------------------+-------+-------+-------+-------+-------+-------++-------
Melee: War axe           |    80 |   120 |   323 |   424 |   132 |       ||  1079
       Kick              |    18 |    29 |    71 |   126 |   229 |    71 ||   544
       Unarmed           |     1 |       |       |       |       |       ||     1
       Battleaxe         |       |       |       |       |   345 |       ||   345
       Broad axe         |       |       |       |       |   214 |   240 ||   454
 Fire: Shortbow          |       |       |       |   712 |   279 |       ||   991
       Longbow           |       |       |       |       |   311 |   286 ||   597
Throw: Throwing net      |       |       |       |     1 |     1 |     2 ||     4
Invok: Divine Shield     |       |       |       |     1 |     2 |     1 ||     4
Evoke: Wand              |       |       |     2 |    12 |     5 |     2 ||    21
  Use: Potion            |       |       |     1 |     4 |     1 |     5 ||    11
       Scroll            |       |       |     9 |     3 |    26 |    13 ||    51
  Eat: Chunk             |       |     6 |    17 |    23 |    28 |     4 ||    78
       Ration            |       |       |       |     2 |     2 |     2 ||     6
Armor: Scale mail        |    56 |    69 |    51 |       |       |       ||   176
       Chain mail        |       |       |   201 |   613 |   429 |       ||  1243
       Skin              |       |       |       |    64 |       |       ||    64
       Plate armour      |       |       |       |       |   353 |   458 ||   811
Dodge: Dodged            |    30 |    24 |    68 |   268 |   255 |    61 ||   706
Block: Shield            |    40 |    58 |   143 |       |       |       ||   241
       Other             |       |       |       |     9 |    25 |     1 ||    35
